 Dungeon Crawl Stone Soup version 0.14-a0-1388-g200237c (webtiles) character file.

3660 PolkaDot the Conjurer (level 9, -3/57 HPs)
             Began as a Vampire Conjurer on Dec 9, 2013.
             Was a Follower of Vehumet.
             Slain by Psyche
             ... wielding a +2,+4 dagger of chaos
              (7 damage)
             ... on Level 8 of the Dungeon.
             The game lasted 00:37:11 (7194 turns).

PolkaDot the Conjurer (Vampire Conjurer)            Turns: 7194, Time: 00:37:13

HP  -3/57        AC  5     Str  8      XL: 9   Next: 73%
MP  17/17        EV 12     Int 19      God: Vehumet [*.....]
Gold 302         SH  0     Dex 14      Spells:  4 memorised,  2 levels left

rFire  + . .     SeeInvis +     a - +2 cutlass (elec)
rCold  x . .     Clarity  .     t - +2 robe {MR+} (curse)
rNeg   . . .     Conserve .     (no shield)
rPois  +         rCorr    .     (no helmet)
rElec  .         rRot     .     (no cloak)
SustAb . .       Spirit   .     (no gloves)
rMut   +         Warding  .     y - +0 pair of elf boots
Saprov . . .     Stasis   .     k - amulet of resist mutation
                                v - ring of fire
                                p - ring of poison resistance

@: regenerating quickly, about to teleport, exhausted, slowed, very slow, quite
resistant to hostile enchantments, stealthy
A: bottle blood, fangs 3, see invisible, unbreathing
a: Bottle Blood, Renounce Religion


You were on level 8 of the Dungeon.
You worshipped Vehumet.
Vehumet was aware of your devotion.
You were very full.

You visited 2 branches of the dungeon, and saw 9 of its levels.

You collected 302 gold pieces.

Inventory:

Hand weapons
 a - a +2,+2 cutlass of electrocution (weapon)
Armour
 t - a cursed +2 robe of magic resistance (worn)
 x - a +0 elven leather armour
 y - a +0 pair of elven boots (worn)
Magical devices
 n - a wand of fireball (4)
Scrolls
 b - 4 scrolls of remove curse
 e - a scroll of enchant armour {unknown}
 g - a scroll of enchant weapon II {unknown}
 h - 5 scrolls of identify
 i - 2 scrolls of teleportation
 m - a scroll of random uselessness {unknown}
 o - 2 scrolls of magic mapping {unknown}
 r - a scroll of blinking {unknown}
 u - a scroll of curse weapon {unknown}
 w - a scroll of recharging {unknown}
Jewellery
 k - an amulet of resist mutation (around neck)
 p - a ring of poison resistance (left hand)
 s - an uncursed ring of flight
 v - a ring of fire (right hand)
Potions
 d - a potion of might
 f - a potion of brilliance
 j - 2 potions of flight
 q - 9 potions of blood
Books
 c - a book of Conjurations

   Spells                             Type                      Level
   *Magic Dart                        Conjuration                  1
   *Searing Ray                       Conjuration                  2
   Dazzling Spray                     Conjuration/Hexes            3
   *Iskenderun's Mystic Blast         Conjuration                  4
   Iskenderun's Battlesphere          Conjuration/Charms           4
   *Fulminant Prism                   Conjuration/Hexes            5


   Skills:
 - Level 2.1 Dodging
 - Level 3.0 Stealth
 - Level 3.0 Spellcasting
 * Level 10.8 Conjurations
 + Level 0.4 Hexes


You had 2 spell levels left.
You knew the following spells:

 Your Spells              Type           Power        Failure   Level  Hunger
a - Magic Dart            Conj           ####         1%          1    None
d - Iskenderun's Mystic   Conj           #####...     1%          4    ####...
f - Fulminant Prism       Conj/Hex       ###.......   50%         5    #####..
s - Searing Ray           Conj           #####.       1%          2    ##.....


Dungeon Overview and Level Annotations

Branches:
Dungeon (8/16)             Temple (1/1) D:6
   Lair: D:8-11

Altars:
Ashenzari
Cheibriados
Elyvilon
Fedhas
Kikubaaqudgha
Makhleb
Nemelex Xobeh
Okawaru
Sif Muna
Trog
Vehumet
Xom
Yredelemnul
Zin
the Shining One

Shops:
D:4 *[//}   D:6 !

Annotations:
D:8 Psyche


Innate Abilities, Weirdness & Mutations

Your natural rate of healing is unusually fast.
You can bottle blood from corpses.
You have razor-sharp teeth.*
You have supernaturally acute eyesight.
You can survive without breathing.*


Message History

Drink which item? (? for menu, Esc to quit)
You feel better.
Psyche says, "Once you're dead we can play together!"
Psyche barely misses you.
Psyche becomes somewhat translucent.
Psyche hits you with a dagger of chaos.
* * * LOW HITPOINT WARNING * * *
Psyche freezes you.
* * * LOW HITPOINT WARNING * * *
The hobgoblin hits you with a club.
* * * LOW HITPOINT WARNING * * *
Read which item? (? for menu, Esc to quit)
As you read the scroll of teleportation, it crumbles to dust.
You feel strangely unstable. Psyche hits you with a dagger of chaos.
* * * LOW HITPOINT WARNING * * *
Psyche burns you.
* * * LOW HITPOINT WARNING * * *
Psyche glows with a rainbow of weird force.
Psyche hits you with a dagger of chaos!
You die...

##+####### ########+##
#........# #...........
#........####......<.....
#........'..#(...........
#....)...##.#..@g........
#(.....).##.#...@........#
+........##.'............#
#........####............#
#........# #............
#........# #............
###'###### #############
#..# #.##


You could see Psyche and a hobgoblin.

Vanquished Creatures
  Pikel (D:4)
  The ghost of runewalsh the Prestidigitator, an experienced OpWz of Nemelex Xobeh (D:5)
  Prince Ribbit (D:4)
  A wraith (D:6)
  A hungry ghost (D:7)
  Menkaure (D:4)
  A slave (D:4)
  An orc warrior (D:7)
  Purgy (D:4)
  A sky beast (D:5)
  A black bear (D:7)
  2 ogres
  A phantom (D:8)
  An ice beast (D:5)
  2 giant frogs (D:6)
  Blork the orc (D:5)
  4 crimson imps
  2 hounds
  3 scorpions
  3 orc priests
  3 worker ants (D:6)
  A black bear skeleton (D:7)
  7 orc wizards
  Ijyb (D:2)
  An ogre zombie (D:6)
  7 adders
  6 gnolls
  2 giant mites
  A shadow imp (D:4)
  An inept item mimic (D:7)
  2 worms (D:2)
  An adder skeleton (D:4)
  2 giant eyeballs
  2 giant geckos
  2 oozes
  37 orcs
  A ball python (D:3)
  12 bats
  A giant cockroach (D:1)
  12 goblins
  7 hobgoblins
  10 jackals
  13 kobolds
  2 quokkas (D:4)
  A giant gecko skeleton (D:3)
  20 giant newts
  An orc skeleton (D:4)
  2 orc zombies
  15 rats
  2 rat skeletons (D:5)
205 creatures vanquished.

Vanquished Creatures (others)
  Eustachio (D:4)
  A green rat (D:4)
  2 giant cockroaches (D:4)
4 creatures vanquished.

Grand Total: 209 creatures vanquished

Notes
Turn   | Place    | Note
--------------------------------------------------------------
     0 | D:1      | PolkaDot, the Vampire Conjurer, began the quest for the Orb.
     0 | D:1      | Reached XP level 1. HP: 13/13 MP: 3/3
   349 | D:1      | Reached XP level 2. HP: 13/19 MP: 0/4
   353 | D:1      | Learned a level 2 spell: Searing Ray
  1337 | D:2      | Reached XP level 3. HP: 24/24 MP: 2/6
  1416 | D:2      | Paralysed by a potion of paralysis for 4 turns
  1564 | D:2      | Noticed Ijyb
  1621 | D:2      | Killed Ijyb
  1731 | D:2      | Reached XP level 4. HP: 30/30 MP: 2/9
  2023 | D:2      | Found a snail-covered altar of Cheibriados.
  2270 | D:2      | Reached skill level 4 in Conjurations
  2746 | D:3      | Reached XP level 5. HP: 28/35 MP: 11/11
  3256 | D:3      | Found a sparkling altar of Nemelex Xobeh.
  3344 | D:4      | Noticed Menkaure
  3352 | D:4      | Killed Menkaure
  3352 | D:4      | Reached skill level 5 in Conjurations
  3352 | D:4      | Reached XP level 6. HP: 37/41 MP: 4/12
  3436 | D:4      | Noticed an ogre
  3442 | D:4      | Learned a level 4 spell: Iskenderun's Mystic Blast
  3450 | D:4      | Killed an ogre
  3593 | D:4      | Found Schuwuunt's Gadget Shop.
  3597 | D:4      | Found Bangonu Pluwn's Magical Wand Emporium.
  3620 | D:4      | Found Coan Thra's Magical Wand Emporium.
  3656 | D:4      | Noticed Prince Ribbit
  3742 | D:4      | Killed Prince Ribbit
  3742 | D:4      | Reached skill level 6 in Conjurations
  3742 | D:4      | Reached XP level 7. HP: 46/46 MP: 8/14
  3870 | D:4      | Found Jeotagi's Armour Shop.
  3871 | D:4      | Noticed a slave
  3872 | D:4      | Found Akaschau's Assorted Antiques.
  3872 | D:4      | Noticed a slave
  3873 | D:4      | Noticed Pikel
  3873 | D:4      | Noticed a slave
  3874 | D:4      | Noticed a slave
  3902 | D:4      | Killed Pikel
  3902 | D:4      | Reached skill level 7 in Conjurations
  3902 | D:4      | Reached XP level 8. HP: 38/52 MP: 3/16
  3906 | D:4      | Killed a freed slave
  3933 | D:4      | hurdos: Hi
  3933 | D:4      | hurdos: very nice pda
  3933 | D:4      | PolkaDot: it is indeed
  3933 | D:4      | hurdos: show complete desc
  3933 | D:4      | hurdos: !d
  3933 | D:4      | hurdos: thanks
  4042 | D:4      | Noticed Eustachio
  4042 | D:4      | Noticed Purgy
  4089 | D:4      | Killed Eustachio
  4089 | D:4      | Reached skill level 8 in Conjurations
  4260 | D:4      | Killed Purgy
  4397 | D:5      | Entered Level 5 of the Dungeon
  4705 | D:5      | Noticed runewalsh's ghost (experienced OpWz)
  4717 | D:5      | Killed runewalsh's ghost
  4717 | D:5      | Reached skill level 9 in Conjurations
  4801 | D:5      | hurdos: Why Cj?
  4801 | D:5      | hurdos: It is very hard with Vp
  4801 | D:5      | PolkaDot: Really?
  4801 | D:5      | PolkaDot: A little and only training Cj skill and it's not so bad
  4801 | D:5      | PolkaDot: about 10 or so and you can choose an element (if you have access at that point)
  4801 | D:5      | PolkaDot: though I do like to keep the focus on cj tuntil twelve
  4801 | D:5      | PolkaDot: dunno why I typed "a little" there, weird
  4801 | D:5      | PolkaDot: The main reason I die is not because I can't kill things
  4801 | D:5      | PolkaDot: it's because I don't run away. the -3 apt is less of a hinderance than you'd think ;p
  4860 | D:5      | Noticed Blork the orc
  4906 | D:5      | Paralysed by a giant eyeball for 4 turns
  4921 | D:5      | PolkaDot: that pda is tempting, but that'd be daft at this point, ne? >.>
  4921 | D:5      | hurdos: hm ...
  4921 | D:5      | PolkaDot: well, a quick google to look at things says maybe I can work towards it
  4921 | D:5      | PolkaDot: it'll just be a while before I can get things castable in it
  4921 | D:5      | PolkaDot: wizardry and Veh would help with that
  4921 | D:5      | PolkaDot: -2 apt though, hrm.
  4921 | D:5      | PolkaDot: Thoughts? ^^;
  4921 | D:5      | hurdos: about what?
  4921 | D:5      | PolkaDot: going Veh in pda
  4921 | D:5      | hurdos: I would get Makh for any Vp
  4921 | D:5      | hurdos: or get Vehu and then change to Makh
  4921 | D:5      | PolkaDot: Yeah, changing to Makh is something I've wanted to try for a while
  4921 | D:5      | PolkaDot: Ok, plan. Get STR, work towards pda, go vehu for now, change later when I have what I want :)
  4921 | D:5      | Reached XP level 9. HP: 55/57 MP: 17/17
  4922 | D:5      | Paralysed by a giant eyeball for 4 turns
  5323 | D:5      | Killed Blork the orc
  5330 | D:5      | Found a deep blue altar of Sif Muna.
  5463 | D:6      | hurdos: great plan I will try something like that plan :)
  5465 | D:6      | PolkaDot: Thanks. it helps to talk it out sometimes, and I totally forgot about makhleb xD;;
  5566 | D:6      | Found Ciruagif's Distillery.
  5593 | D:6      | Reached skill level 10 in Conjurations
  5603 | D:6      | Found a staircase to the Ecumenical Temple.
  5612 | Temple   | Entered the Ecumenical Temple
  5749 | Temple   | Became a worshipper of Vehumet
  6277 | D:7      | Learned a level 5 spell: Fulminant Prism
  6488 | D:7      | Found a burning altar of Makhleb.
  6489 | D:7      | Found a shimmering altar of Xom.
  6794 | D:7      | Acquired Vehumet's first power
  6794 | D:7      | Offered knowledge of Freeze by Vehumet.
  7167 | D:8      | Noticed Psyche
  7194 | D:8      | Slain by Psyche

Action                   |  1- 3 |  4- 6 |  7- 9 || total
-------------------------+-------+-------+-------++-------
Melee: Unarmed           |    82 |     5 |       ||    87
       Cutlass           |       |    89 |   132 ||   221
       Dagger            |       |    14 |       ||    14
 Cast: Magic Dart        |    41 |     1 |     2 ||    44
       Searing Ray       |    12 |    24 |    55 ||    91
       Iskenderun's Myst |       |       |     5 ||     5
 Abil: Bottle Blood      |       |       |    21 ||    21
Evoke: Wand              |       |       |     1 ||     1
  Use: Potion            |     8 |       |    17 ||    25
       Scroll            |     1 |     5 |     7 ||    13
 Stab: Sleeping          |       |     3 |     8 ||    11
       Distracted        |       |     2 |       ||     2
